 Dungeon Crawl Stone Soup version 0.24.0-37-gcf1ca852f1 (webtiles) character file.

Game seed: 12815646181257347148, levelgen mode: deterministic

381 grindst0ne the Skirmisher (level 6, -3/58 HPs)
             Began as a Deep Dwarf Wanderer on Dec 1, 2019.
             Slain by an ogre
             ... wielding a +0 giant club
              (10 damage)
             ... on level 4 of the Dungeon.
             The game lasted 00:07:10 (3405 turns).

grindst0ne the Skirmisher (Deep Dwarf Wanderer)     Turns: 3405, Time: 00:07:10

Health: -3/58      AC:  8    Str: 21    XL:     6   Next: 46%
Magic:  4/4        EV: 11    Int: 10    God:
Gold:   132        SH:  0    Dex: 11    Spells: 5/5 levels left

rFire    . . .     SeeInvis +   w - +0 war axe
rCold    . . .     Gourm    .   (no shield)
rNeg     . . .     Faith    .   q - +0 scale mail
rPois    .         Spirit   .   (no helmet)
rElec    +         Reflect  .   (no cloak)
rCorr    +         Harm     .   x - +0 pair of gloves "Omos" {+Blink rElec rCorr SInv} (curse)
MR       .....                  (no boots)
Stlth    +.........             (no amulet)
HPRegen  0.00/turn              r - ring of resist corrosion
MPRegen  0.09/turn              (no ring)

@: non-regenerating
A: damage resistance, heal wounds, sense surroundings 1, no regeneration
a: Heal Wounds, Evoke Blink


You were on level 4 of the Dungeon.
You were near starving.

You visited 1 branch of the dungeon, and saw 4 of its levels.

You collected 132 gold pieces.

Inventory:

Hand Weapons
 h - a +0 dagger of draining
 w - a +0 war axe (weapon)
Missiles
 b - 2 throwing nets (quivered)
 i - 23 poisoned darts
Armour
 q - a +0 scale mail (worn)
 x - the cursed +0 pair of gloves "Omos" (worn) {+Blink rElec rCorr SInv}
   (You found it on level 4 of the Dungeon)

   It insulates you from electricity.
   It lets you see invisible.
   It lets you blink.
   It provides partial protection from all sources of acid and corrosion.
   It has a curse placed upon it.
Jewellery
 r - a ring of resist corrosion (left hand)
Wands
 c - a wand of random effects (18)
Scrolls
 a - a scroll of magic mapping {unknown}
 d - 3 scrolls of teleportation
 f - a scroll of amnesia {unknown}
 j - 3 scrolls of remove curse {unknown}
 l - 2 scrolls of enchant weapon {unknown}
 m - 5 scrolls of identify {unknown}
 t - 2 scrolls of fear {unknown}
 v - a scroll of noise {unknown}
Potions
 e - a potion of cancellation {unknown}
 k - 2 potions of curing {unknown}
 n - a potion of degeneration {unknown}
 o - a potion of agility {unknown}
 p - a potion of magic {unknown}
 s - 2 potions of haste {unknown}
 u - 2 potions of brilliance {unknown}
Comestibles
 g - 10 rations


   Skills:
 + Level 4.3 Fighting
 + Level 1.3 Axes
   Level 2.1 Crossbows
 + Level 4.1 Armour
 + Level 4.1 Dodging
 - Level 2.4 Stealth
   Level 1.1 Shields


You had 5 spell levels left.
You didn't know any spells.
Your spell library was empty.

Dungeon Overview and Level Annotations

Branches:
Dungeon (4/15)
 Temple: D:4-7

Altars:
Fedhas
Kikubaaqudgha


Innate Abilities, Weirdness & Mutations

You are resistant to damage.
You can heal yourself by infusing magical energy.
You passively map a small area around you.
You do not regenerate.


Message History

* * * LOW HITPOINT WARNING * * *
Throwing (i - inventory. (/) - cycle)
b - 4 throwing nets (quivered)
Press: ? - help, Shift-Dir - straight line, f - ogre
Aim: an ogre, wielding a +0 giant club (lightly wounded)
You throw a throwing net. The throwing net hits the ogre.
The ogre is caught in the net!
The ogre is lightly wounded.
The ogre struggles against the net. x2
You hit the ogre but do no damage.
The ogre struggles against the net.
You slash the ogre!
The ogre is heavily wounded.
The ogre struggles against the net. x2
The net rips apart, and the ogre comes free!
Throwing (i - inventory. (/) - cycle)
b - 3 throwing nets (quivered)
Press: ? - help, Shift-Dir - straight line, f/p - ogre
Aim: an ogre, wielding a +0 giant club (heavily wounded)
You throw a throwing net.
The throwing net barely misses the ogre.
The ogre hits you with a +0 giant club!
You die...

............. ,
####.#############
................(#
*
.#.#..>.###.%###.#,
.#.#......#.. #.#,
##.#.##.#.#.. #.# *
........#.#..# #.#
#########.#..#
#O#,*
........#.#..# #@#
* ####....#.#..#
#.#,
#.####.#..###.#,
#.#....#....#.#
#.#.##.#......#
#.#...........#,
#.####.####.#.#
#......# #...#,
######.# #.#.#, * *


You could see an ogre.

Vanquished Creatures
  A phantom (D:4)
  2 scorpions (D:4)
  An iguana (D:3)
  4 adders
  An ooze (D:1)
  4 worms
  4 dart slugs
  2 leopard geckos
  8 orcs (D:3)
  9 bats
  4 giant cockroaches
  4 goblins
  10 hobgoblins
  6 jackals
  4 quokkas
  2 ball pythons
  7 frilled lizards
  12 kobolds
  11 rats
96 creatures vanquished.

Notes
Turn   | Place    | Note
-------+----------+-------------------------------------------
     0 | D:1      | grindst0ne the Deep Dwarf Wanderer began the quest for the
                  | Orb.
     0 | D:1      | grindst0ne set off with the following items: a +0 club, 4
                  | throwing nets, a +0 ring mail, a scroll of teleportation, a
                  | +0 leather armour, a +0 dagger, a ration
     0 | D:1      | Reached XP level 1. HP: 20/20 MP: 1/1
   146 | D:1      | Reached XP level 2. HP: 10/27 MP: 2/2
   449 | D:1      | Reached XP level 3. HP: 31/34 MP: 3/3
  1092 | D:2      | You fall into a shaft and drop 1 floor!
  1133 | D:3      | Reached XP level 4. HP: 39/42 MP: 4/4
  1546 | D:2      | Found a faded altar of an unknown god.
  2285 | D:3      | Reached XP level 5. HP: 49/50 MP: 3/3
  2656 | D:3      | Found a blossoming altar of Fedhas.
  2657 | D:3      | Found an ancient bone altar of Kikubaaqudgha.
  3133 | D:4      | Reached XP level 6. HP: 53/57 MP: 4/4
  3142 | D:4      | Got a pair of faintly glowing gloves
  3148 | D:4      | Identified the cursed +0 pair of gloves "Omos" {+Blink
                  | rElec rCorr SInv} (You found it on level 4 of the Dungeon)
  3249 | D:4      | Reached skill level 1 in Axes
  3405 | D:4      | Slain by an ogre

Levels and vault maps discovered:
D:1:      dpeg_arrival_prison, layout_loops_ring, nrook_mini_backslash
D:2:      layout_loops_corners, chequers_ecumenical_altar_lobes
D:3:      layout_loops_corners, grunt_temple_overflow_growth_and_decay
D:4:      layout_basic, first_ration, uniq_grinder

Skill      XL: |  1  2  3  4  5  6 |
---------------+-------------------+-----
Fighting       | 3 4 |  4.3
Armour         | 2 3 4 |  4.1
Dodging        | 2 3 4 |  4.1
Axes           | 1 |  1.3
Crossbows      | |  2.1
Stealth        | |  2.4
Shields        | |  1.1

Action                   |  1- 3 |  4- 6 || total
-------------------------+-------+-------++-------
Melee: Dagger            |   227 |   255 ||   482
       War axe           |       |    29 ||    29
Throw: Throwing net      |     1 |     9 ||    10
 Abil: Heal Wounds       |     2 |     2 ||     4
 Stab: Held in net/web   |     1 |     2 ||     3
       Sleeping          |     1 |       ||     1
  Eat: Chunk             |     1 |     6 ||     7
Armor: Ring mail         |    83 |       ||    83
       Scale mail        |       |    89 ||    89
Dodge: Dodged            |   142 |   127 ||   269
